 Dungeon Sprint DCSS version 0.22.1-1-ga44c0e56f4 (webtiles) character file.

277 MuseOD the Unseen (level 6, -1/45 HPs)
             Began as a Spriggan Enchanter on Oct 4, 2018.
             Was an Initiate of Sif Muna.
             Incinerated by a deep elf mage (5 damage)
             ... with a sticky flame
             ... in the Dungeon (Sprint III: "The Ten Rune Challenge").
             The game lasted 00:01:49 (348 turns).

MuseOD the Unseen (Spriggan Enchanter)               Turns: 348, Time: 00:01:50

Health: -1/45      AC:  2    Str:  9    XL:     6   Next: 4%
Magic:  2/11       EV: 18    Int: 18    God:    Sif Muna [......]
Gold:   34         SH:  0    Dex: 17    Spells: 1/10 levels left

rFire    . . .     SeeInvis +   a - +1 dagger
rCold    . . .     Gourm    .   (shield restricted)
rNeg     . . .     Faith    .   b - +0 robe
rPois    .         Spirit   .   (helmet restricted)
rElec    .         Reflect  .   (no cloak)
rCorr    .         Harm     .   (gloves unavailable)
MR       +....     NoTele   +   (boots unavailable)
Stlth    ..........             (no amulet)
HPRegen  0.15/turn              (no ring)
MPRegen  0.12/turn              (no ring)

@: berserking (expiring), liquid flames, very slightly contaminated, glowing,
very quick
A: very small, unfitting armour, see invisible, herbivore, speed 3, slow
metabolism 2
a: Renounce Religion


You were in the Dungeon.
You worshipped Sif Muna.
Sif Muna was noncommittal.
You were not hungry.

You visited 1 branch You collected 34 gold pieces.

Inventory:

Hand Weapons
 a - a +1 dagger (weapon)
Armour
 b - a +0 robe (worn)
Wands
 r - a wand of iceblast (7)
Scrolls
 j - a scroll of blinking
 k - a scroll of holy word {unknown}
 l - 2 scrolls of identify
 m - 2 scrolls of remove curse {unknown}
 o - a scroll of torment {unknown}
 p - a scroll of fear {unknown}
Potions
 c - 2 potions of mutation {unknown}
 f - 5 potions of heal wounds
 g - a potion of haste
 h - 2 potions of magic
 n - 3 potions of flight
 q - a potion of degeneration {unknown}
Comestibles
 d - 3 rations


   Skills:
 * Level 1.4 Fighting
 + Level 3.3 Short Blades
 - Level 3.0 Dodging
 + Level 17.5 Stealth
 + Level 2.6 Spellcasting
 + Level 3.6 Hexes


You had one spell level left.
You knew the following spells:

 Your Spells              Type           Power        Failure   Level  Hunger
a - Corona                Hex            ###....      3%          1    #......
b - Ensorcelled Hibernat  Hex/Ice        #.....       12%         2    ##.....
c - Confuse               Hex            ###.....     12%         3    ###....
d - Dazzling Spray        Conj/Hex       #.....       24%         3    ###....

Your spell library contained the following spells:

 Spells                   Type           Power        Failure   Level  Hunger
 Confusing Touch          Hex            ###...       3%          1    #......
 Tukima's Dance           Hex            ###.....     12%         3    ###....
 Blink                    Tloc           N/A          26%         2    ##.....
 Shroud of Golubria       Chrm/Tloc      #.........   26%         2    ##.....
 Gell's Gravitas          Tloc           #.........   45%         3    ###....
 Lesser Beckoning         Tloc           #.........   45%         3    ###....
 Teleport Other           Tloc           #.......     45%         3    ###....
 Passage of Golubria      Tloc           N/A          86%         4    #####..
 Petrify                  Tmut/Erth      #.......     86%         4    #####..
 Metabolic Englaciation   Hex/Ice        #.........   92%         5    ######.
 Yara's Violent Unravell  Hex/Tmut       #.........   92%         5    ######.


Dungeon Overview and Level Annotations

Branches:
Dungeon (1/1)

Altars:
Dithmenos
Elyvilon
Kikubaaqudgha
Ru
Sif Muna
Vehumet
Yredelemnul
Zin
The Shining One


Innate Abilities, Weirdness & Mutations

You are very small and have problems with some larger weapons.
You are too small for most types of armour.
You have supernaturally acute eyesight. (SInv)
You are a herbivore.
You cover ground extremely quickly.
You need to consume almost no food.


Message History

The deep elf mage is heavily wounded.
The deep elf mage hits you with a long sword of holy wrath!
* * * LOW HITPOINT WARNING * * *
You barely miss the deep elf mage.
The deep elf mage is heavily wounded.
You hit the deep elf mage.
The deep elf mage is severely wounded.
The deep elf mage barely misses you.
You hit the deep elf mage.
The deep elf mage is severely wounded.
You puncture the deep elf mage!
The deep elf mage is almost dead.
The deep elf mage casts a spell at you. The sticky flame hits you!
You are covered in liquid flames!
* * * LOW HITPOINT WARNING * * *
You hit the deep elf mage.
The deep elf mage is almost dead.
You are covered in liquid flames!
You die...

#.##...#..#..###'#+###'##
#.###..##'#..#..........#
##.##..###...'.⌠........#
..##..####...#...######+#
..##[.###†...#.⌠.#
.##...##.....#...#
##....#......#'###
##..##.#.....#.e)# #..
####....#__@# ▓▓▓
▓▓▓▓▓▓▓▓▓▓


You could see a deep elf mage.

Vanquished Creatures
  A necrophage (D)
  A water elemental (D)
  A wizard (D)
  Jessica (D)
  A necromancer (D)
  A kobold demonologist (D)
  A human (D)
  A wolf (D)
  2 oozes (D)
  A rat (D)
11 creatures vanquished.

Vanquished Creatures (others)
  2 draconian scorchers (D)
  2 yaktaurs (D)
  6 hellions (D)
  3 plants (D)
13 creatures vanquished.

Grand Total: 24 creatures vanquished

Notes
Turn   | Place    | Note
-------+----------+-------------------------------------------
     0 | D        | MuseOD the Spriggan Enchanter began the quest for the Orb.
     0 | D        | Reached XP level 1. HP: 9/9 MP: 5/5
     9 | D        | Reached skill level 1 in Fighting
     9 | D        | Reached skill level 5 in Stealth
    11 | D        | Reached XP level 2. HP: 14/14 MP: 6/6
    19 | D        | Learned a level 2 spell: Ensorcelled Hibernation
    37 | D        | Noticed Jessica
    46 | D        | Killed a yaktaur
    47 | D        | Killed Jessica
    47 | D        | Reached skill level 9 in Stealth
    47 | D        | Reached XP level 3. HP: 14/18 MP: 2/8
   119 | D        | Killed a hellion
   120 | D        | Killed a hellion
   123 | D        | Killed a hellion
   129 | D        | Killed a hellion
   131 | D        | Killed a hellion
   204 | D        | Reached skill level 10 in Stealth
   205 | D        | Killed a hellion
   208 | D        | Reached skill level 11 in Stealth
   208 | D        | Reached XP level 4. HP: 22/22 MP: 6/9
   215 | D        | Killed a yaktaur
   228 | D        | Killed a white draconian scorcher
   267 | D        | Noticed a water elemental
   270 | D        | Killed a water elemental
   270 | D        | Reached skill level 13 in Stealth
   278 | D        | Found a basalt altar of Yredelemnul.
   278 | D        | Found a shadowy altar of Dithmenos.
   278 | D        | Found a sacrificial altar of Ru.
   278 | D        | Noticed a necrophage
   280 | D        | Killed a necrophage
   280 | D        | Reached skill level 16 in Stealth
   280 | D        | Reached XP level 5. HP: 25/25 MP: 10/10
   296 | D        | Found a radiant altar of Vehumet.
   296 | D        | Found a deep blue altar of Sif Muna.
   296 | D        | Found an ancient bone altar of Kikubaaqudgha.
   298 | D        | Reached skill level 17 in Stealth
   300 | D        | Reached XP level 6. HP: 30/30 MP: 11/11
   306 | D        | Became a worshipper of Sif Muna the Loreminder
   316 | D        | Learned a level 3 spell: Confuse
   320 | D        | Learned a level 3 spell: Dazzling Spray
   322 | D        | Found a glowing silver altar of Zin.
   322 | D        | Found a glowing golden altar of the Shining One.
   322 | D        | Found a white marble altar of Elyvilon.
   322 | D        | Noticed a deep elf mage
   328 | D        | Killed a white draconian scorcher
   348 | D        | Incinerated by a deep elf mage

Skill      XL: |  1  2  3  4  5 |
---------------+----------------+-----
Fighting       | 1 |  1.4
Short Blades   | 3 |  3.3
Stealth        | 5 9 11 16 17 | 17.5
Dodging        | |  3.0
Spellcasting   | |  2.6
Hexes          | |  3.6

Action                   |  1- 3 |  4- 6 || total
-------------------------+-------+-------++-------
Melee: Dagger            |    10 |    15 ||    25
 Cast: Ensorcelled Hiber |     6 |     1 ||     7
       Confuse           |       |     2 ||     2
  Use: Potion            |       |     2 ||     2
 Stab: Sleeping          |     6 |     5 ||    11
Dodge: Dodged            |     2 |     4 ||     6
